 Dungeon Crawl Stone Soup version 0.21-a0-529-g8c7b3f5 (webtiles) character file.

89 vishdafish the Shooter (level 4, -16/34 HPs)
             Began as a Mummy Hunter on Dec 11, 2017.
             Demolished by an ogre
             ... wielding a +0 giant club
              (27 damage)
             ... on level 4 of the Dungeon.
             The game lasted 00:06:43 (2018 turns).

vishdafish the Shooter (Mummy Hunter)               Turns: 2018, Time: 00:06:46

Health: -16/34     AC:  5    Str: 15    XL:     4   Next: 31%
Magic:  13/13      EV: 12    Int: 11    God:
Gold:   97         SH:  0    Dex: 12    Spells: 3/3 levels left

rFire    x . .     SeeInvis .   n - +0 great mace
rCold    + . .     Gourm    .   (shield currently unavailable)
rNeg     + + +     Faith    .   c - +0 leather armour
rPois    ∞         Spirit   .   h - +2 hat
rElec    .         Reflect  .   (no cloak)
rCorr    .         Harm     .   (no gloves)
MR       .....                  (no boots)
Stlth    +.........             (no amulet)
HPRegen  0.11/turn              k - ring of magical power
MPRegen  0.13/turn              (no ring)

@: no status effects
A: no food or potions, fire vulnerability, cold resistance 1, negative energy
resistance 3, torment resistance, unbreathing
a: no special abilities


You were on level 4 of the Dungeon.
You were not hungry.

You visited 1 branch of the dungeon, and saw 4 of its levels.

You collected 97 gold pieces.

Inventory:

Hand Weapons
 a - a +1 shortbow
 b - a +0 short sword
 n - a +0 great mace (weapon)
Missiles
 d - 37 arrows
Armour
 c - a +0 leather armour (worn)
 h - a +2 hat (worn)
Jewellery
 i - an uncursed ring of ice
 k - a ring of magical power (left hand)
Scrolls
 e - a scroll of fear
 f - a scroll of amnesia
 j - a scroll of magic mapping {unknown}
 l - a scroll of identify
 m - a scroll of noise {unknown}


   Skills:
 - Level 2.3 Fighting
   Level 0.2 Axes
 + Level 3.8 Bows
 + Level 1.4 Armour
 + Level 2.3 Dodging
 - Level 0.7 Stealth


You had 3 spell levels left.
You didn't know any spells.

Dungeon Overview and Level Annotations

Branches:
Dungeon (4/15)
 Temple: D:4-7

Altars:
Elyvilon

Annotations:
D:3 Grinder


Innate Abilities, Weirdness & Mutations

You do not eat or drink.
Your flesh is vulnerable to fire.
You are immune to poison.
Your flesh is cold resistant. (rC+)
You are immune to negative energy. (rN+++)
You are immune to unholy pain and torment.
You can survive without breathing.


Message History

Aim: an ogre, wielding a giant club You shoot an arrow.
The arrow hits the ogre!
The ogre is moderately wounded.
Firing (i - inventory):
d - 38 arrows (quivered)
Press: ? - help, Shift-Dir - straight line, f/p - ogre
Aim: an ogre, wielding a giant club (moderately wounded)
You shoot an arrow. The arrow barely misses the ogre.
The ogre barely misses you.
Wield which item (- for none, * to show all)? (? for menu, Esc to quit)
n - a +0 great mace (weapon)
You barely miss the ogre.
The ogre is moderately wounded.
The ogre barely misses you.
You sock the ogre!
The ogre is heavily wounded.
The ogre hits you with a giant club!!
Ouch! That really hurt!
The ogre hits you with a giant club!!
Ouch! That really hurt!
You die...

#.# ## #.# ...
#.# ... #.# #.#
...... .
.######.#.#.##.
........O.(....
.######@###.##.
...............
.#####....##.##
#..<.# #....#
.......#
.[.....#.#
.#######.# .#


You could see an ogre.

Vanquished Creatures
  2 adders
  5 dart slugs
  2 leopard geckos
  5 giant cockroaches
  3 goblins
  8 hobgoblins
  4 jackals (D:3)
  5 bats
  15 kobolds
  3 rats
52 creatures vanquished.

Vanquished Creatures (others)
  A quokka (D:3)
1 creature vanquished.

Grand Total: 53 creatures vanquished

Notes
Turn   | Place    | Note
-------+----------+-------------------------------------------
     0 | D:1      | vishdafish the Mummy Hunter began the quest for the Orb.
     0 | D:1      | Reached XP level 1. HP: 16/16 MP: 1/1
    75 | D:1      | Reached XP level 2. HP: 6/22 MP: 2/2
   819 | D:2      | Reached XP level 3. HP: 21/28 MP: 3/3
   885 | D:3      | Reached skill level 1 in Armour
  1334 | D:2      | Reached XP level 4. HP: 33/34 MP: 4/4
  1815 | D:3      | Found a white marble altar of Elyvilon.
  1835 | D:3      | Noticed Grinder
  1837 | D:3      | Paralysed by Grinder for 5 turns
  1856 | D:3      | Paralysed by Grinder for 2 turns
  2012 | D:4      | Noticed an ogre
  2018 | D:4      | Demolished by an ogre

Vault maps used:
D:1:      wheals_arrival_shading, fountainhead, eino_curves_04,
          grunt_decor_mini_mirrors
D:3:      lemuel_doored_altar, lemuel_round_altar, first_bread,
          elyvilon_altar_4, uniq_grinder
D:4:      overflow_temple_1_default, nicolae_dithmenos_shadow_blocks,
          minmay_temple_entry_statues

Skill      XL: |  1  2  3 |
---------------+----------+-----
Armour         | 1 |  1.4
Dodging        | 2 |  2.3
Fighting       | |  2.3
Axes           | |  0.2
Bows           | |  3.8
Stealth        | |  0.7

Action                   |  1- 3 |  4- 6 || total
-------------------------+-------+-------++-------
Melee: Short sword       |    75 |    46 ||   121
       Hand axe          |    31 |       ||    31
       Great mace        |       |    29 ||    29
 Fire: Shortbow          |    45 |     5 ||    50
  Use: Scroll            |     3 |     2 ||     5
 Stab: Sleeping          |       |     1 ||     1
Armor: Leather armour    |    48 |    56 ||   104
Dodge: Dodged            |    91 |    76 ||   167

Table legend:
 A = Spawn XP
 B = Non-spawn XP
 C = Spawn XP percentage of total XP
 D = Spawn monster count
 E = Non-spawn monster count
 F = Spawn count percentage of total count
 G = Total turns spent on level
                    A         B        C        D         E        F      G
               +---------+---------+-------+---------+---------+-------+---------
         Total |       0 |     128 |   0.0 |       0 |      52 |   0.0 |  2018
               +---------+---------+-------+---------+---------+-------+---------
           D:1 |       0 |      34 |   0.0 |       0 |      17 |   0.0 |   763
           D:2 |       0 |      42 |   0.0 |       0 |      15 |   0.0 |   445
           D:3 |       0 |      52 |   0.0 |       0 |      20 |   0.0 |   650
               +---------+---------+-------+---------+---------+-------+---------
